 Dungeon Sprint DCSS version 0.29-a0-925-g0a7a3d12f8 (webtiles) character file.

Game seed: 16554985416753815173

1260 Hipnos the Basher (level 8, -15/60 HPs)
             Began as a Gargoyle Berserker on July 28, 2022.
             Was an Elder of Trog.
             Demolished by a boulder beetle (22 damage)
             ... in the Dungeon (Sprint II: "The Violet Keep of Menkaure").
             The game lasted 00:07:33 (1030 turns).

Hipnos the Basher (Gargoyle Berserker)              Turns: 1030, Time: 00:07:34

Health: -15/60     AC: 21    Str: 23    XL:     8   Next: 52%
Magic:  8/8        EV: 15    Int:  8    God:    Trog [****..]
Gold:   1          SH:  8    Dex: 13    Spells: 7/7 levels left

rFire   . . .      SeeInvis .   a - +0 mace
rCold   + . .      Faith    .   k - +0 buckler
rNeg    + . .      Spirit   .   l - +5 scale mail of Ferevu Nuown {rC+ Dex+4 Stlth-}
rPois   ∞          Reflect  +   (no helmet)
rElec   +          Harm     .   i - +1 cloak of Starlight {*Dazzle EV+4 Stlth--}
rCorr   .          Rampage  .   j - +0 pair of gloves
Will    .....      NoTele   +   (no boots)
Stlth   ..........              m - amulet of reflection
HPRegen 0.20/turn               (no ring)
MPRegen 0.11/turn               (no ring)

@: on berserk cooldown
A: sickness immunity, AC +5, negative energy resistance 1, electricity
resistance, torment resistance 1, petrification resistance
a: Renounce Religion, Berserk, Trog's Hand, Brothers in Arms


You were in the Dungeon.
You worshipped Trog.
Trog was greatly pleased with you.
You visited 1 branch You collected 1826 gold pieces.
You spent 1825 gold pieces at shops.

Inventory:

Hand Weapons
 a - a +0 mace (weapon)
Armour
 b - a +0 animal skin
 i - the +1 cloak of Starlight (worn) {*Dazzle EV+4 Stlth--}
   (You bought it in a shop in the Dungeon)

   It may blind those who miss an attack against the wearer in melee combat.
   EV:        It affects your evasion (+4).
   Stlth:     It makes you much less stealthy.
 j - a +0 pair of gloves (worn)
 k - a +0 buckler (worn)
 l - the +5 scale mail of Ferevu Nuown (worn) {rC+ Dex+4 Stlth-}
   (You bought it in a shop in the Dungeon)

   Dex:       It affects your dexterity (+4).
   rC:        It protects you from cold.
   Stlth:     It makes you less stealthy.
Jewellery
 m - an amulet of reflection (around neck)
Scrolls
 h - a scroll of blinking
Potions
 e - a potion of haste
 f - 2 potions of magic
 g - a potion of berserk rage


   Skills:
 + Level 11.5 Fighting
 + Level 13.2 Maces & Flails
 + Level 6.4 Armour
 + Level 5.2 Dodging
 + Level 1.5 Stealth


You had 7 spell levels left.
You didn't know any spells.
Your spell library was empty.

Dungeon Overview and Level Annotations

Branches:
Dungeon (1/1)

Altars:
Fedhas
Gozag
Nemelex Xobeh
Okawaru

Shops:
D [?:[[[!=:=!(*=(

Annotations:
D exclusion: oklob plant


Innate Abilities, Weirdness & Mutations

You are immune to sickness and miasma.
Your stone body is resilient. (AC +5)
You are immune to poison.
You resist negative energy. (rN+)
You are resistant to electric shocks. (rElec)
You are resistant to unholy torment.
You are immune to petrification.


Message History

The boulder beetle curls into a ball and begins rolling!
You block the boulder beetle's attack.
The boulder beetle stops rolling and uncurls.
There is a staircase leading out of the dungeon here.
You hit the boulder beetle but do no damage.
The boulder beetle is severely wounded.
The boulder beetle misses you.
The boulder beetle's sight is seared by the starlight!
The boulder beetle barely misses you.
You catch the helpless boulder beetle completely off-guard!
You hit the boulder beetle.
The boulder beetle is severely wounded.
You feel yourself speed up.
You strike the helpless boulder beetle from behind!
You hit the boulder beetle but do no damage.
The boulder beetle is severely wounded.
You strike the helpless boulder beetle from behind!
You hit the boulder beetle but do no damage.
The boulder beetle is severely wounded.
The boulder beetle bites you.
You catch the helpless boulder beetle completely off-guard!
You hit the boulder beetle but do no damage.
The boulder beetle is severely wounded.
You block the boulder beetle's attack.
You hit the boulder beetle but do no damage.
The boulder beetle is severely wounded.
The boulder beetle bites you but does no damage.
You hit the boulder beetle but do no damage.
The boulder beetle is severely wounded.
The boulder beetle is no longer blind.
The boulder beetle bites you!
* * * LOW HITPOINT WARNING * * *
You hit the boulder beetle but do no damage.
The boulder beetle is severely wounded.
You hit the boulder beetle but do no damage.
The boulder beetle is severely wounded.
The boulder beetle bites you!
* * * LOW HITPOINT WARNING * * *
Unknown command.
You feel better. The boulder beetle bites you!!
You die...

##########≈≈#+++#+
#########≈≈≈....
.......∩#≈≈≈≈.##+ ..
∩.....∩.#≈≈≈≈##.# ##.####
.∩...∩.∩#≈≈≈≈#.###.# ...#
∩.∩...∩.#≈≈####.#.####..##
.∩.∩.∩..#≈##. ##'###.##..#
..∩.∩...#≈#...##.##...#..#
...⌠....'≈+ #†B@.'##.'..###
........#≈#$..##.##.###....###.
▓▓▓▓▓▓###≈##. ##'###.##......≈≈≈≈
(?E######≈≈####...####≈≈.....≈#+#
=.J#{ ##≈≈≈#..#..#≈≈≈≈≈≈≈..≈#_.
∩P!+.= #†#≈##.#.##≈≈§≈≈≈≈§.≈#._
[..#"# #.#≈≈##'##≈≈≈§≈§≈≈≈≈≈#_.
####≈≈≈≈≈≈≈≈§§≈≈≈≈≈§§#._
#+++#+++#≈§≈≈§≈§≈≈#..


You could see a boulder beetle.

Vanquished Creatures
  A boulder beetle (D)
  2 wyverns (D)
  A water moccasin (D)
  4 necrophages (D)
  A hell rat (D)
  3 worms (D)
12 creatures vanquished.

Notes
Turn   | Place    | Note
-------+----------+-------------------------------------------
     0 | D        | Hipnos the Gargoyle Berserker began the quest for the Orb.
     0 | D        | Reached XP level 1. HP: 14/14 MP: 1/1
     1 | D        | Noticed a boulder beetle
     1 | D        | Noticed a boulder beetle
    12 | D        | Reached XP level 2. HP: 18/20 MP: 2/2
    13 | D        | Reached ** piety under Trog
    14 | D        | Reached skill level 4 in Maces & Flails
   253 | D        | Noticed a wyvern
   253 | D        | Noticed a wyvern
   258 | D        | Killed a wyvern
   259 | D        | Reached skill level 7 in Maces & Flails
   259 | D        | Reached XP level 3. HP: 12/28 MP: 3/3
   259 | D        | Reached XP level 4. HP: 14/34 MP: 4/4
   259 | D        | Reached XP level 5. HP: 16/38 MP: 5/5
   264 | D        | Killed a wyvern
   265 | D        | Reached skill level 9 in Maces & Flails
   265 | D        | Reached XP level 6. HP: 23/45 MP: 6/6
   440 | D        | Reached skill level 5 in Armour
   450 | D        | Reached *** piety under Trog
   451 | D        | Reached skill level 10 in Maces & Flails
   458 | D        | Reached XP level 7. HP: 38/52 MP: 7/7
   465 | D        | Reached skill level 10 in Fighting
   465 | D        | Reached skill level 11 in Maces & Flails
   550 | D        | Noticed a flying skull
   550 | D        | Noticed a flying skull
   550 | D        | Noticed a flying skull
   550 | D        | Noticed a flying skull
   550 | D        | Noticed a flying skull
   550 | D        | Noticed a flying skull
   550 | D        | Noticed a flying skull
   551 | D        | Noticed a flying skull
   551 | D        | Noticed a flying skull
   551 | D        | Noticed a flying skull
   551 | D        | Noticed a flying skull
   552 | D        | Noticed a flying skull
   556 | D        | Found Efeur's Distillery.
   558 | D        | Found Joarab's Book Emporium.
   559 | D        | Found Fuipni's Jewellery Shoppe.
   559 | D        | Found Kizisk's General Store.
   560 | D        | Found Pegg's Antique Weapon Emporium.
   560 | D        | Found Ziadwer's Jewellery Shoppe.
   561 | D        | Found Cinuewn's Distillery.
   561 | D        | Found Fydat's Antique Armour Emporium.
   561 | D        | Found Eraleank's Antique Weapon Shoppe.
   562 | D        | Found Cucit's Jewellery Shoppe.
   734 | D        | Found Ucsywoja's Antique Armour Emporium.
   734 | D        | Found Nary's Antique Armour Shoppe.
   734 | D        | Noticed an iron elemental
   734 | D        | Noticed an oklob plant
   735 | D        | Found Imuamaq's Magic Scroll Shoppe.
   735 | D        | Found Itoza's Antique Armour Emporium.
   735 | D        | Found Baiqofax's Book Shoppe.
   735 | D        | Noticed a slime creature
   741 | D        | Bought a scroll of acquirement for 676 gold pieces
   741 | D        | Acquired 1075 gold pieces
   747 | D        | Bought the +1 cloak of Starlight {*Dazzle EV+4 Stlth--} for
                  | 396 gold pieces
   747 | D        | Found the +1 cloak of Starlight {*Dazzle EV+4 Stlth--}
   759 | D        | Noticed a slime creature
   766 | D        | Bought a pair of gloves for 99 gold pieces
   766 | D        | Bought a buckler for 99 gold pieces
   779 | D        | Bought a dazzling scale mail for 225 gold pieces
   779 | D        | Identified the +5 scale mail of Ferevu Nuown {rC+ Dex+4
                  | Stlth-} (You bought it in a shop in the Dungeon)
   815 | D        | Reached **** piety under Trog
   834 | D        | Bought an amulet of reflection for 330 gold pieces
   923 | D        | Found an iron altar of Okawaru.
   923 | D        | Found an opulent altar of Gozag.
   924 | D        | Found a sparkling altar of Nemelex Xobeh.
   924 | D        | Found a blossoming altar of Fedhas.
   989 | D        | Killed a boulder beetle
   990 | D        | Reached skill level 13 in Maces & Flails
   990 | D        | Reached skill level 5 in Dodging
   990 | D        | Reached skill level 1 in Stealth
   990 | D        | Reached XP level 8. HP: 60/60 MP: 8/8
  1029 | D        | HP: 1/60 [boulder beetle (15)]
  1030 | D        | Demolished by a boulder beetle

Illustrated notes

Levels and vault maps discovered:
D:        the_violet_keep_of_menkaure [sprint2_stairs_cluster_1,
          sprint2_shoproom, sprint2_temple, sprint2_basic_supplies,
          sprint2_obstacle_1, sprint2_obstacle_4, sprint2_obstacle_2,
          sprint2_obstacle_3, sprint2_obstacle_7, sprint2_timed_cluster_1,
          sprint2_smallroom_cluster_1, sprint2_smallroom_final_cluster_1,
          sprint2_transparent_cluster_1, sprint2_second_timed_cluster_1,
          sprint2_sniper_area_1, sprint2_heavy_combat_area_1,
          sprint2_mutation_trap_area_1, sprint2_forest_area_1,
          sprint2_light_combat_area_1, sprint2_behind_water_1,
          sprint2_near_end_vault_1]

Skill      XL: |  1  2  3  4  5  6  7 |
---------------+----------------------+-----
Fighting       | 4 7 8 9 11 | 11.5
Maces & Flails | 7 9 10 13 | 13.2
Armour         | 4 5 6 |  6.4
Dodging        | 3 4 5 |  5.2
Stealth        | 1 |  1.5

Action                   |  1- 3 |  4- 6 |  7- 9 || total
-------------------------+-------+-------+-------++-------
Melee: Mace              |     7 |    30 |    72 ||   109
Invok: Berserk           |     2 |       |     2 ||     4
       Trog's Hand       |     1 |       |     2 ||     3
  Use: Scroll            |       |       |     1 ||     1
       Potion            |       |       |     2 ||     2
 Stab: Invisible         |       |       |     6 ||     6
Armor: Animal skin       |       |     9 |     4 ||    13
       Scale mail        |       |       |     6 ||     6
Dodge: Dodged            |     3 |     8 |    29 ||    40
Block: Buckler           |       |       |     9 ||     9

Table legend: (Time is in decaauts)
 A = Elapsed time spent in this place.
 B = Non-inter-level travel time spent in this place.
 C = Inter-level travel time spent in this place.
 D = Time resting spent in this place.
 E = Time spent auto-exploring this place.
 F = Levels seen in this place.
 G = Mean time per level.
                   A        B        C        D        E       F      G
               +--------+--------+--------+--------+--------+-----+--------+
         Total |   1088 |   1088 |      0 |    727 |      0 |   1 | 1088.0 |
       Dungeon |   1088 |   1088 |      0 |    727 |      0 |   1 | 1088.0 |
               +--------+--------+--------+--------+--------+-----+--------+

Top non-repeatable levels by time:
       D: 1088 daAuts
